 Dungeon Crawl Stone Soup version 0.29.1-15-g9cfb28693d (webtiles) character file.

Game seed: 6139928263632601840

81 MrCrawl the Grave Robber (level 4, -3/31 HPs)
             Began as a Demonspawn Necromancer on Apr 24, 2023.
             Was an Initiate of Makhleb.
             Slain by Koronagh the orc warrior
             ... wielding a +0 flail
             ... created by the wrath of Beogh
              (12 damage)
             ... on level 3 of the Dungeon.
             The game lasted 00:09:50 (2164 turns).

MrCrawl the Grave Robber (Demonspawn Necromancer)   Turns: 2164, Time: 00:09:51

Health: -3/31      AC:  5    Str:  9    XL:     4   Next: 20%
Magic:  5/7        EV: 12    Int: 18    God:    Makhleb [......]
Gold:   38         SH:  0    Dex: 13    Spells: 7/8 levels left

rFire   . . .      SeeInvis .   d - +0 club
rCold   . . .      Faith    .   (no shield)
rNeg    . . .      Spirit   .   a - +0 robe
rPois   .          Reflect  .   (no helmet)
rElec   .          Harm     .   (no cloak)
rCorr   .          Rampage  .   f - +0 pair of gloves
Will    .....                   (no boots)
Stlth   ++........              (no amulet)
HPRegen 0.10/turn               (no ring)
MPRegen 0.10/turn               (no ring)

@: no status effects
A: thin metallic scales 1
a: Renounce Religion


You were on level 3 of the Dungeon.
You worshipped Makhleb.
Makhleb was noncommittal.
You visited 1 branch of the dungeon, and saw 3 of its levels.

You collected 38 gold pieces.

Inventory:

Hand Weapons
 d - a +0 club (weapon)
Missiles
 c - 12 stones
Armour
 a - a +0 robe (worn)
 f - a +0 pair of gloves (worn)
Scrolls
 i - a scroll of immolation
 l - 3 scrolls of vulnerability
Potions
 b - a potion of magic
 e - a potion of lignification
 g - a potion of heal wounds {unknown}
 h - a potion of curing {unknown}
 j - a potion of flight {unknown}
 k - a potion of invisibility {unknown}


   Skills:
 + Level 0.7 Fighting
 + Level 0.1 Maces & Flails
 + Level 1.9 Dodging
 + Level 2.0 Stealth
 + Level 2.6 Spellcasting
 + Level 5.5 Necromancy


You had 7 spell levels left.
You knew the following spells:

 Your Spells              Type           Power      Damage    Failure   Level
a - Necrotise             Necr           88%        1d8       1%          1

Your spell library contained the following spells:

 Spells                   Type           Power      Damage    Failure   Level
 Vampiric Draining        Necr           22%        2d7       5%          3
 Animate Dead             Necr           22%        N/A       17%         4
 Poisonous Vapours        Pois/Air       4%         N/A       26%         2
 Agony                    Necr           22%        N/A       43%         5
 Gell's Gravitas          Tloc           2%         N/A       45%         3
 Lesser Beckoning         Tloc           2%         N/A       45%         3
 Teleport Other           Tloc           2%         N/A       45%         3
 Corpse Rot               Necr/Pois/Air  9%         N/A       61%         4


Dungeon Overview and Level Annotations

Branches:
Dungeon (3/15)

Altars:
Makhleb
Nemelex Xobeh


Innate Abilities, Weirdness & Mutations

You are partially covered in thin metallic scales. (AC +2)


Message History

Found a stone staircase leading down.
There is an open door here.
There is a stone staircase leading down here.
You open the door.
There is an open door here.
Your adder skeleton crumbles into dust!
Nemelex Xobeh makes you draw from the deck of Punishment.
You draw a card...
You have drawn Wrath.
Beogh sends forth an army of orcs.
The divine experience drains your vigour!
A Koronagh, 3 orcs and an orc wizard come into view.
You hit the orc.
The orc is lightly wounded.
You closely miss the orc.
The orc is lightly wounded.
Koronagh completely misses you.
The orc wizard points at you and mumbles some strange words.
The magic dart hits you but does no damage.
The orc barely misses you.
Casting: Necrotise (safe; 1% risk of failure)
Confirm with . or Enter, or press ? or * to list all spells.
Aiming: Necrotise (safe; 1% risk of failure)
Press: ? - help, Shift-Dir - straight line, f - orc wizard
Aim: an orc wizard, wielding a +0 dagger and wearing a +0 robe (durably summoned, chance to affect: 81%)
The orc wizard writhes in agony.
Koronagh hits you but does no damage.
The orc wizard hits you but does no damage.
The orc hits you with a +0 short sword. The orc hits you but does no damage.
Unknown command.
You barely miss the orc.
The orc is lightly wounded.
Koronagh hits you with a +0 flail! The orc hits you with a +0 mace.
* * * LOW HITPOINT WARNING * * *
The orc wizard misses you. The orc barely misses you.
Casting: Necrotise (safe; 1% risk of failure)
Confirm with . or Enter, or press ? or * to list all spells.
Okay, then.
As you read the scroll of immolation, it crumbles to dust.
The creatures around you are filled with an inner flame!
Koronagh hits you with a +0 flail!
You die...

#.#.........# #.....'##'##'##+
............######.....#.....#...
#..#...#....'....'.....#.....#...
#. ##.###...######....####'##'##'
# ###.....+.## #....# #.......
###...# .. ###### ######## #...##
#.## [..#.. #oo# # ##.###.# #@##
# ## #oo## # ##o.# ##.# #.####
#....# #######'### ..........#
..........##


You could see Koronagh the orc warrior (inner flame), an orc wizard (inner
flame) and 3 orcs.

Vanquished Creatures
  3 adders
  An orc (D:3)
  6 endoplasms
  A giant cockroach (D:1)
  4 goblins
  5 hobgoblins
  3 quokkas
  2 ball pythons (D:1)
  5 bats
  2 frilled lizards
  4 kobolds (D:1)
  A rat (D:1)
37 creatures vanquished.

Vanquished Creatures (collateral kills)
  A dart slug (D:1)
  An endoplasm (D:3)
  A goblin (D:1)
  2 hobgoblins (D:1)
  3 ball pythons
  A frilled lizard (D:2)
9 creatures vanquished.

Vanquished Creatures (others)
  5 fungi (D:1)
  5 plants (D:1)
10 creatures vanquished.

Grand Total: 56 creatures vanquished

Notes
Turn   | Place    | Note
-------+----------+-------------------------------------------
     0 | D:1      | MrCrawl the Demonspawn Necromancer began the quest for the
                  | Orb.
     0 | D:1      | Reached XP level 1. HP: 13/13 MP: 3/3
   281 | D:1      | Gained mutation: You are partially covered in thin metallic
                  | scales. (AC +2) [demonic ancestry]
   281 | D:1      | Reached XP level 2. HP: 19/19 MP: 1/5
   299 | D:1      | Reached skill level 5 in Necromancy
   427 | D:1      | Found a faded altar of an unknown god.
   480 | D:1      | Prayed at the altar of an unknown god.
   480 | D:1      | Became a worshipper of Nemelex Xobeh the Trickster
   480 | D:1      | Reached * piety under Nemelex Xobeh
   480 | D:1      | Received a gift from Nemelex Xobeh
   871 | D:1      | Reached XP level 3. HP: 24/24 MP: 1/6
  1888 | D:2      | Found a burning altar of Makhleb.
  1907 | D:2      | Fell from the grace of Nemelex Xobeh
  1907 | D:2      | Became a worshipper of Makhleb the Destroyer
  2081 | D:3      | Reached XP level 4. HP: 30/30 MP: 3/7
  2160 | D:3      | Noticed Koronagh
  2164 | D:3      | Slain by Koronagh the orc warrior

Illustrated notes

Levels and vault maps discovered:
D:1:      dpeg_arrival_another_circle, layout_basic,
          shapermc_ecumenical_altar_ellora, minmay_misc_feat_square
D:2:      layout_loops_ring, basic_altar, minivault_11, grunt_ministairs_7
D:3:      layout_basic, mainiacjoe_overflow_24_doors,
          dreamdust_mushroom_princess, minmay_between, uniq_grinder

Skill      XL: |  1  2  3 |
---------------+----------+-----
Necromancy     | 5 |  5.5
Stealth        | 2 |  2.0
Fighting       | |  0.7
Maces & Flails | |  0.1
Dodging        | |  1.9
Spellcasting   | |  2.6

Action                   |  1- 3 |  4- 6 || total
-------------------------+-------+-------++-------
Melee: Unarmed           |     1 |       ||     1
       Club              |    56 |     3 ||    59
 Cast: Necrotise         |    62 |     6 ||    68
  Use: Scroll            |     2 |     1 ||     3
       Potion            |     2 |       ||     2
Armor: Robe              |    21 |     4 ||    25
Dodge: Dodged            |    49 |     4 ||    53
